 Dungeon Crawl Stone Soup version 0.28.0-45-g0d030f2227 (webtiles) character file.

Game seed: 9018552488093716011

25 safyre the Grave Robber (level 3, -9/26 HPs)
             Began as a Ghoul Necromancer on Apr 24, 2022.
             Mangled by Crazy Yiuf
             ... wielding a +3 quarterstaff of chaos
              (10 damage)
             ... on level 2 of the Dungeon.
             The game lasted 00:10:47 (1997 turns).

safyre the Grave Robber (Ghoul Necromancer)         Turns: 1997, Time: 00:10:49

Health: -9/26      AC:  3    Str: 11    XL:     3   Next: 4%
Magic:  0/5        EV: 12    Int: 12    God:
Gold:   46         SH:  0    Dex:  9    Spells: 4/6 levels left

rFire   . . .      SeeInvis .   (no weapon)
rCold   + . .      Faith    .   (no shield)
rNeg    + + +      Spirit   .   a - +1 robe
rPois   ∞          Reflect  .   (no helmet)
rElec   .          Harm     .   (no cloak)
rCorr   .          Rampage  .   (no gloves)
Will    .....                   (no boots)
Stlth   ++........              (no amulet)
HPRegen 0.00/turn               (no ring)
MPRegen 0.09/turn               (no ring)

@: inhibited regen
A: claws 1, cold resistance 1, negative energy resistance 3, inhibited
regeneration, torment resistance 2
a: no special abilities


You were on level 2 of the Dungeon.
You visited 1 branch of the dungeon, and saw 2 of its levels.

You collected 46 gold pieces.

Inventory:

Armour
 a - a +1 robe (worn)


   Skills:
 + Level 2.1 Dodging
 + Level 2.5 Stealth
 + Level 2.0 Spellcasting
 + Level 4.3 Necromancy


You had 4 spell levels left.
You knew the following spells:

 Your Spells              Type           Power      Damage    Failure   Level
a - Pain                  Necr           44%        1d6       4%          1
b - Animate Skeleton      Necr           22%        N/A       4%          1

Your spell library contained the following spells:

 Spells                   Type           Power      Damage    Failure   Level
 Vampiric Draining        Necr           11%        2d6       14%         3
 Animate Dead             Necr           5%         N/A       41%         4
 Agony                    Necr           11%        N/A       77%         5


Dungeon Overview and Level Annotations

Branches:
Dungeon (2/15)

Altars:

Annotations:
D:2 Crazy Yiuf


Innate Abilities, Weirdness & Mutations

You thrive by killing the living.
You are immune to poison.
You have sharp fingernails.
Your flesh is cold resistant. (rC+)
You are immune to negative energy. (rN+++)
You do not regenerate when monsters are visible.
You are immune to unholy pain and torment.


Message History

Press: ? - help, Q - select action, (/) - cycle Shift-Dir - straight line, f - Crazy Yiuf
Aim: Crazy Yiuf, wielding a +3 quarterstaff of chaos and wearing a +0 cloak (asleep, chance to affect: 73%) Crazy Yiuf shouts!
Crazy Yiuf writhes in agony.
Aiming: Pain (safe; 4% risk of failure)
Press: ? - help, Q - select action, (/) - cycle Shift-Dir - straight line, f/p - Crazy Yiuf
Aim: Crazy Yiuf, wielding a +3 quarterstaff of chaos and wearing a +0 cloak (moderately wounded, chance to affect: 73%) Crazy Yiuf writhes in agony.
Aiming: Pain (safe; 4% risk of failure)
Press: ? - help, Q - select action, (/) - cycle Shift-Dir - straight line, f/p - Crazy Yiuf
Aim: Crazy Yiuf, wielding a +3 quarterstaff of chaos and wearing a +0 cloak (heavily wounded, chance to affect: 73%) Crazy Yiuf writhes in agony.
Aiming: Pain (safe; 4% risk of failure)
Press: ? - help, Q - select action, (/) - cycle Shift-Dir - straight line, f/p - Crazy Yiuf
Aim: Crazy Yiuf, wielding a +3 quarterstaff of chaos and wearing a +0 cloak (severely wounded, chance to affect: 73%) Crazy Yiuf writhes in agony.
Crazy Yiuf hits you with a +3 quarterstaff of chaos!
Crazy Yiuf burns you.
You closely miss Crazy Yiuf.
Crazy Yiuf is almost dead.
Crazy Yiuf hits you with a +3 quarterstaff of chaos.
You convulse.
You scratch Crazy Yiuf but do no damage.
Crazy Yiuf is almost dead.
Crazy Yiuf hits you with a +3 quarterstaff of chaos!
* * * LOW HITPOINT WARNING * * *
Crazy Yiuf freezes you.
* * * LOW HITPOINT WARNING * * *
Crazy Yiuf cries, "Cod senile arm!"
Aiming: Pain (safe; 4% risk of failure)
Press: ? - help, Q - select action, (/) - cycle Shift-Dir - straight line, f/p - Crazy Yiuf
Aim: Crazy Yiuf, wielding a +3 quarterstaff of chaos and wearing a +0 cloak (almost dead, chance to affect: 73%) Crazy Yiuf struggles to resist.
Crazy Yiuf barely misses you.
Aiming: Pain (safe; 4% risk of failure)
Press: ? - help, Q - select action, (/) - cycle Shift-Dir - straight line, f/p - Crazy Yiuf
Aim: Crazy Yiuf, wielding a +3 quarterstaff of chaos and wearing a +0 cloak (almost dead, chance to affect: 73%) Crazy Yiuf struggles to resist.
Crazy Yiuf hits you with a +3 quarterstaff of chaos!
You die...

### ##### #.. #...# #.# ##...###
#.# .......###†###
.............##♣♣♣♣♣
.......###.#.+..@♣.♣♣♣##### ..#
##...### #.....PPg♣..♣#...# #.#
#.)†# ##.....P♣♣♣♣.'...# #.#
##..# ##.+.P♣♣ ♣♣#..)# ##.# ##.#
####♣♣ ##### #..# ####.#### #..#
#.......# ### #..# #.##..#.#
##.######## ######..#
........###.>.......####...##.###


You could see Crazy Yiuf.

Vanquished Creatures
  A worm (D:2)
  2 ball pythons
  2 endoplasms (D:1)
  A giant cockroach (D:1)
  2 goblins
  3 hobgoblins
  A quokka (D:2)
  3 bats
  A frilled lizard (D:1)
  2 kobolds (D:1)
18 creatures vanquished.

Vanquished Creatures (collateral kills)
  A hobgoblin (D:1)
1 creature vanquished.

Grand Total: 19 creatures vanquished

Notes
Turn   | Place    | Note
-------+----------+-------------------------------------------
     0 | D:1      | safyre the Ghoul Necromancer began the quest for the Orb.
     0 | D:1      | Reached XP level 1. HP: 14/14 MP: 2/2
   794 | D:1      | Reached XP level 2. HP: 20/20 MP: 1/3
  1279 | D:1      | Learned a level 1 spell: Animate Skeleton
  1876 | D:2      | Reached XP level 3. HP: 21/26 MP: 1/5
  1976 | D:2      | Found a runed translucent door.
  1977 | D:2      | Noticed Crazy Yiuf
  1989 | D:2      | HP: 1/26 [Crazy Yiuf/+3 quarterstaff of chaos (1)]
  1997 | D:2      | Mangled by Crazy Yiuf

Illustrated notes

Levels and vault maps discovered:
D:1:      amcnicky_arrival_underground_garden, layout_loops_corners,
          minmay_tree_intersection
D:2:      layout_loops_corners, basic_altar, uniq_crazy_yiuf_cottage,
          uniq_natasha

Skill      XL: |  1  2 |
---------------+-------+-----
Dodging        | 2 |  2.1
Spellcasting   | 2 |  2.0
Stealth        | |  2.5
Necromancy     | |  4.3

Action                   || total
-------------------------++-------
Melee: Unarmed           ||    32
 Cast: Pain              ||    31
       Animate Skeleton  ||     3
  Use: Potion            ||     2
       Scroll            ||     1
Armor: Robe              ||     7
Dodge: Dodged            ||    25
